 Dungeon Crawl Stone Soup version 0.28-a0-751-gef3a642a4e (webtiles) character file.

Game seed: 6933264063469175389

532 avis the Insei (level 7, -10/49 HPs)
             Began as a Djinni Warper on Oct 31, 2021.
             Mangled by an orc warrior (18 damage)
             ... on level 4 of the Dungeon.
             The game lasted 00:24:21 (6058 turns).

avis the Insei (Djinni Warper)                      Turns: 6058, Time: 00:24:22

Health: -10/49     AC:  4    Str: 10    XL:     7   Next: 49%
Gold:   113        EV: 12    Int: 17    God:
                   SH:  5    Dex: 12

rFire   + + +      SeeInvis .   G - staff of fire
rCold   x . .      Faith    .   (no shield)
rNeg    . . .      Spirit   .   a - +0 leather armour
rPois   ∞          Reflect  +   I - +0 helmet
rElec   .          Harm     .   (no cloak)
rCorr   .          Rampage  .   (no gloves)
Will    .....                   (boots unavailable)
Stlth   +.........              y - amulet of reflection
HPRegen 0.16/turn               (no ring)
MPRegen 0.00/turn               (no ring)

@: flying
A: sickness immunity, fire resistance 2, cold vulnerability 1, float, innate
caster, hp casting, extra vitality 1
a: no special abilities


You were on level 4 of the Dungeon.
You visited 1 branch of the dungeon, and saw 4 of its levels.

You collected 113 gold pieces.

Inventory:

Hand Weapons
 h - a +0 hunting sling
 k - a +1 dagger of venom
 p - a +2 dagger of holy wrath
 z - a +0 short sword of speed
 F - a +0 dagger of venom
 J - a +2 dagger of venom
Missiles
 c - 5 boomerangs of dispersal (quivered)
 i - 20 arrows
 v - 135 stones
 D - 7 boomerangs
 K - 23 bolts
Armour
 a - a +0 leather armour (worn)
 j - a scarf of harm
 s - a +0 chain mail
 I - a +0 helmet (worn)
Magical Staves
 g - a staff of poison
 G - a staff of fire (weapon)
Jewellery
 y - an amulet of reflection (around neck)
Wands
 E - a wand of flame (23)
Scrolls
 b - a scroll of blinking
 d - 2 scrolls of teleportation {unknown}
 f - a scroll of enchant armour {unknown}
 l - 2 scrolls of magic mapping {unknown}
 o - a scroll of summoning {unknown}
 q - 3 scrolls of noise {unknown}
 r - a scroll of fog {unknown}
 u - a scroll of silence {unknown}
 x - a scroll of identify {unknown}
 A - a scroll of enchant weapon {unknown}
 C - 2 scrolls of torment {unknown}
Potions
 e - a potion of attraction {unknown}
 m - a potion of cancellation {unknown}
 n - a potion of ambrosia {unknown}
 t - a potion of lignification {unknown}
 w - a potion of flight {unknown}
 B - 2 potions of curing {unknown}
 H - a potion of heal wounds {unknown}


   Skills:
 * Level 2.4 Fighting
 - Level 0.7 Throwing
 - Level 1.0 Armour
 - Level 3.0 Dodging
 - Level 7.0 Unarmed Combat
 - Level 3.0 Spellcasting


You couldn't memorise any spells.
You knew the following spells:

 Your Spells              Type           Power      Damage    Failure   Level
a - Magic Dart            Conj           48%        1d5       7%          1
b - Blink                 Tloc           24%        N/A       11%         2
c - Scorch                Fire           38%        2d6       11%         2
g - Gell's Gravitas       Tloc           6%         N/A       21%         3
k - Lesser Beckoning      Tloc           12%        N/A       21%         3
o - Teleport Other        Tloc           12%        N/A       21%         3
p - Portal Projectile     Hex/Tloc       24%        N/A       21%         3
M - Manifold Assault      Tloc           12%        N/A       88%         5
Your spell library was empty.

Dungeon Overview and Level Annotations

Branches:
Dungeon (4/15)
 Temple: D:4-7

Altars:
Trog


Innate Abilities, Weirdness & Mutations

You are immune to sickness and miasma.
You are immune to poison.
Your flesh is very heat resistant. (rF++)
You are vulnerable to cold. (rC-)
You float through the air rather than walking.
You learn spells naturally, not from books.
Your magical power is your life essence.
You have superior vitality. (+4 HP)


Message History

Confirm with . or Enter, or press ? or * to list all spells.
Aiming: Magic Dart (safe; 7% risk of failure)
Press: ? - help, Shift-Dir - straight line, f/p - orc
Aim: an orc, wielding a +0 club (severely wounded, 100% to hit)
The magic dart hits the orc.
The orc is almost dead.
Casting: Magic Dart (safe; 7% risk of failure)
Confirm with . or Enter, or press ? or * to list all spells.
Aiming: Magic Dart (safe; 7% risk of failure)
Press: ? - help, Shift-Dir - straight line, f/p - orc
Aim: an orc, wielding a +0 club (almost dead, 100% to hit)
The magic dart hits the orc.
You kill the orc!
You now have 113 gold pieces (gained 10).
You see here a +0 club.
You start resting.
An orc warrior is nearby!
The orc warrior shouts!
You hear a shout! x2
You see here a +0 dagger.
You see here a +0 club.
Casting: Magic Dart (safe; 7% risk of failure)
Confirm with . or Enter, or press ? or * to list all spells.
You feel a surge of power!
Flames lash the orc warrior.
The orc warrior is lightly wounded.
The orc warrior's fire resistance burns away.
The orc warrior hits you from afar with a +0 glaive!
Casting: Scorch (safe; 11% risk of failure)
Confirm with . or Enter, or press ? or * to list all spells.
You feel a surge of power!
Flames lash the orc warrior but do no damage.
The orc warrior barely misses you.
Casting: Scorch (safe; 11% risk of failure)
Confirm with . or Enter, or press ? or * to list all spells.
You feel a surge of power!
Flames lash the orc warrior but do no damage.
The orc warrior hits you from afar with a +0 glaive!
* * * LOW HITPOINT WARNING * * *
The orc warrior is no longer more vulnerable to fire.
The orc warrior hits you from afar with a +0 glaive!!
You die...

#....###........# .
#.....#.......#.## ..
#............##..## ...
##.................#
....##..).)..)).......###
.........#######.####.##
#.......##..o# .. ..##..## .
#......##....# ##...#.
##.#.......###.@# #.o#..
...#..).........# #.....
..........##.##..## 8.# #.....
........#.####...8# ...##.....
........#.#.##...#.# ...##....
....##...........##.. #..#.##.
.#
#.....#....##.##########.#.#..
.#
#.....##..##..................
.#
#....####.........##..........


You could see an orc warrior.

Vanquished Creatures
  Sigmund (D:4)
  An ice beast (D:3)
  2 orc priests (D:4)
  A centaur skeleton (D:3)
  An orc wizard (D:3)
  Ijyb (D:3)
  Robin (D:3)
  2 adders
  An adder skeleton (D:4)
  2 worms (D:2)
  2 dart slugs
  20 orcs
  3 ball pythons
  3 endoplasms
  2 giant cockroaches
  15 goblins
  9 hobgoblins
  3 quokkas
  5 bats
  2 frilled lizards (D:3)
  3 rats
80 creatures vanquished.

Notes
Turn   | Place    | Note
-------+----------+-------------------------------------------
     0 | D:1      | avis the Djinni Warper began the quest for the Orb.
     0 | D:1      | Reached XP level 1. HP: 18/18 MP: 0/0
   297 | D:1      | Reached XP level 2. HP: 18/23 MP: 0/0
   617 | D:1      | Reached skill level 3 in Unarmed Combat
   907 | D:1      | Reached XP level 3. HP: 28/28 MP: 0/0
   907 | D:1      | Learned a level 1 spell: Magic Dart
  2354 | D:3      | Reached skill level 4 in Unarmed Combat
  2354 | D:3      | Reached XP level 4. HP: 25/33 MP: 0/0
  2449 | D:3      | Found a bloodstained altar of Trog.
  2740 | D:3      | Reached XP level 5. HP: 22/38 MP: 0/0
  2740 | D:3      | Learned a level 2 spell: Scorch
  3654 | D:3      | Noticed Ijyb
  3672 | D:3      | Killed Ijyb
  3673 | D:3      | Reached skill level 5 in Unarmed Combat
  4161 | D:4      | Noticed an ice beast
  4276 | D:4      | Noticed an orc warrior
  4525 | D:4      | Noticed Robin
  4619 | D:3      | Killed Robin
  4727 | D:3      | Reached XP level 6. HP: 37/43 MP: 0/0
  5131 | D:3      | Killed an ice beast
  5132 | D:3      | Reached skill level 6 in Unarmed Combat
  5847 | D:4      | Noticed Sigmund
  5878 | D:4      | Killed Sigmund
  5879 | D:4      | Reached skill level 7 in Unarmed Combat
  5879 | D:4      | Reached XP level 7. HP: 30/49 MP: 0/0
  5879 | D:4      | Learned a level 3 spell: Portal Projectile
  6058 | D:4      | Mangled by an orc warrior

Illustrated notes

Levels and vault maps discovered:
D:1:      zelgadis_glass_arrival_large, layout_loops_ring, minmay_pentomino_r2
D:2:      layout_basic
D:3:      layout_basic, trog_three_pillars_becter, corexii_hall_statues_i,
          minmay_hedge_maze, serial_bayou_lagoon_a, uniq_ijyb
D:4:      layout_cave_pools, guppyfry_early_orc_mine, uniq_robin, uniq_sigmund,
          uniq_crazy_yiuf_cottage

Skill      XL: |  1  2  3  4  5  6  7 |
---------------+----------------------+-----
Unarmed Combat | 3 4 5 7 |  7.0
Spellcasting   | 3 |  3.0
Dodging        | 3 |  3.0
Fighting       | |  2.4
Throwing       | |  0.7
Armour         | |  1.0

Action                   |  1- 3 |  4- 6 |  7- 9 || total
-------------------------+-------+-------+-------++-------
Melee: Unarmed           |    39 |       |       ||    39
       Dagger            |    36 |    38 |       ||    74
       Punch             |     3 |       |       ||     3
 Cast: Magic Dart        |    32 |    62 |     8 ||   102
       Scorch            |       |    50 |     7 ||    57
       Blink             |       |     2 |       ||     2
Armor: Leather armour    |    11 |    25 |     1 ||    37
Dodge: Dodged            |    32 |    28 |     4 ||    64
Block: Other             |       |    21 |       ||    21

Table legend: (Time is in decaauts)
 A = Elapsed time spent in this place.
 B = Non-inter-level travel time spent in this place.
 C = Inter-level travel time spent in this place.
 D = Time resting spent in this place.
 E = Time spent auto-exploring this place.
 F = Levels seen in this place.
 G = Mean time per level.
                   A        B        C        D        E       F      G
               +--------+--------+--------+--------+--------+-----+--------+
         Total |   6073 |   5539 |    534 |   2897 |   1764 |   4 | 1518.2 |
       Dungeon |   6073 |   5539 |    534 |   2897 |   1764 |   4 | 1518.2 |
               +--------+--------+--------+--------+--------+-----+--------+

Top non-repeatable levels by time:
     D:3: 2355 daAuts
     D:2: 1592 daAuts
     D:1: 1282 daAuts
     D:4: 843 daAuts
